Map: Kairos Junction LE

Players

AndyMills - Winner!

  • Race: Protoss Protoss
  • League: Gold
  • Spawn Location: 5:00

Spaded

  • Race: Terran Terran
  • League: Gold
  • Spawn Location: 11:00

VOD

Have the link to the VOD?

Description

Time

  • Played on: Feb. 7, 2019, 8:32 a.m.
  • Length: 13:36
Show
View Real Time Build Order
Export as new Build Order

AndyMills Protoss - Winner!

Build Orders: 1 Gate Expand 

Get SALT Encoding   

  12  0:00  Probe  
  13  0:13  Probe  
  14  0:19  Pylon  
  14  0:29  Probe  
  15  0:37  Probe  
  15  0:39  Gateway  
  16  0:45  Probe  
  17  0:50  Assimilator  
  17  0:56  Probe  
  18  1:08  Probe  
  19  1:35  Nexus  
  19  1:37  Probe  
  20  1:45  Cybernetics Core  
  20  1:49  Probe  
  21  1:56  Assimilator  
  21  1:59  Pylon  
  21  2:06  Probe  
  21  2:14  Probe  
  22  2:22  Warp Gate, Stalker  
  25  2:34  Probe  
  26  2:44  Probe  
  26  2:46  Pylon, Probe  
  28  2:52  Probe  
  28  2:54  Probe  
  28  2:56  Sentry  
  31  3:00  Gateway, Probe  
  31  3:04  Probe  
  34  3:13  Gateway  
  34  3:22  Robotics Facility, Probe x2  
  36  3:30  Probe  
  37  3:34  Probe  
  37  3:38  Probe  
  38  3:46  Probe  
  40  3:50  Probe  
  41  4:15  Twilight Council  
  41  4:19  Pylon  
  41  4:20  Zealot x3  
  41  4:22  Pylon, Immortal  
  51  4:26  Pylon  
  51  4:31  Probe  
  51  4:32  Probe  
  51  4:35  Assimilator  
  51  4:37  Assimilator  
  53  4:39  Probe  
  53  4:40  Probe  
  55  4:49  Zealot x3  
  55  4:51  Charge  
  61  4:59  Forge  
  61  5:00  Pylon  
  61  5:01  Observer  
  62  5:07  Probe x2  
  62  5:13  Zealot  
  66  5:14  Zealot x2  
  66  5:19  Probe x2  
  72  5:34  Zealot x3  
  78  5:48  Probe x2  
  80  5:50  Nexus  
  80  5:53  Pylon  
  80  5:54  Pylon, Observer  
  80  6:00  Probe x2  
  82  6:05  Zealot x2  
  90  6:11  Immortal  
  90  6:12  Probe x2  
  92  6:29  Probe x2  
  94  6:41  Probe  
  94  6:42  Probe  
  93  6:53  Probe  
  93  6:54  Protoss Ground Weapons Level 1, Probe  
  95  7:06  Probe  
  96  7:09  Zealot x3  
  102  7:19  Gateway  
  102  7:20  Gateway  
  102  7:21  Gateway  
  102  7:25  Gateway  
  102  7:28  Photon Cannon  
  102  7:29  Probe x2  
  104  7:31  Photon Cannon  
  104  7:34  Photon Cannon, Probe  
  105  7:41  Probe x2  
  107  7:44  Assimilator  
  107  7:46  Assimilator, Probe  
  108  7:53  Probe  
  109  8:01  Zealot x3  
  115  8:24  Pylon  
  115  8:26  Pylon  
  115  8:27  Nexus  
  115  8:29  Pylon  
  115  8:31  Pylon  
  115  8:32  Pylon  
  115  8:34  Pylon  
  115  8:35  Zealot  
  115  8:37  Pylon  
  117  8:42  Pylon, Immortal  
  117  8:46  Pylon  
  121  8:55  Zealot x3  
  123  8:56  Zealot x2  
  123  9:00  Zealot x2  
  107  9:24  Stalker x5  
  107  9:25  Stalker x2  
  107  9:30  Probe x3  
  124  9:42  Probe x3  
  123  9:53  Stalker x7  
  123  9:54  Warp Prism  
  139  10:01  Probe x2  
  139  10:02  Probe  
  142  10:33  Gateway  
  142  10:34  Gateway x2  
  142  10:37  Gateway  
  142  10:41  Blink  
  142  10:51  Zealot x2  
  142  10:52  Zealot x5  
  86  11:13  Zealot x2  
  86  11:14  Zealot x5  
  100  11:32  Gateway  
  100  11:33  Zealot x2, Gateway  
  100  11:34  Zealot x3  
  100  11:35  Zealot x6  
  100  11:36  Gateway  
  96  11:57  Stalker x4  
  96  11:58  Stalker x5  
  96  11:59  Stalker x2  
  116  12:20  Zealot  
  116  12:21  Zealot x7  
  116  12:22  Zealot x3  
  138  12:34  Zealot x3  
  144  12:58  Zealot x5  
  146  12:59  Zealot x7  
  146  13:00  Zealot x2  
  150  13:25  Zealot x6  
  150  13:26  Zealot x3  
Show
View Real Time Build Order
Export as new Build Order

Spaded Terran 

Build Orders:  

Get SALT Encoding   

  12  0:01  SCV  
  13  0:13  SCV  
  14  0:19  Supply Depot  
  14  0:25  SCV  
  15  0:41  SCV  
  15  0:42  Barracks  
  16  0:50  Refinery  
  16  0:53  SCV  
  17  1:05  SCV  
  18  1:17  SCV  
  19  1:19  Refinery  
  19  1:29  SCV  
  20  1:35  Marine  
  21  1:42  Command Center  
  22  1:53  Orbital Command  
  21  2:00  Barracks Reactor  
  21  2:18  SCV  
  22  2:25  Factory  
  22  2:36  Marine  
  23  2:53  SCV, Orbital Command, Marine  
  23  2:55  Supply Depot  
  25  2:59  Bunker  
  25  3:02  Marine  
  26  3:08  Factory Tech Lab  
  26  3:10  Starport  
  26  3:13  Marine  
  26  3:15  SCV  
  28  3:20  SCV  
  29  3:27  SCV  
  30  3:34  Supply Depot  
  30  3:38  SCV  
  30  3:39  SCV, Marine x2  
  34  3:49  Starport Reactor  
  34  3:50  SCV  
  34  3:51  SCV, Barracks  
  36  3:58  Engineering Bay  
  36  4:07  Engineering Bay  
  36  4:12  SCV x2  
  36  4:15  Marine x2  
  40  4:18  Siege Tank  
  40  4:24  SCV x2  
  44  4:26  Terran Infantry Weapons Level 1  
  45  4:33  Marine x2  
  45  4:34  Medivac  
  45  4:36  SCV x2  
  51  4:40  Refinery  
  51  4:41  Refinery  
  51  4:46  Barracks Tech Lab  
  51  4:48  SCV x2, Barracks  
  51  4:51  Marine  
  54  5:05  Missile Turret  
  54  5:10  Missile Turret  
  54  5:12  Missile Turret  
  54  5:13  Terran Infantry Armor Level 1  
  54  5:26  Missile Turret  
  54  5:31  Supply Depot  
  54  5:37  Supply Depot  
  54  5:41  Supply Depot  
  54  5:46  Liberator  
  54  5:47  Missile Turret  
  54  5:52  Medivac, Marine x3  
  54  5:53  Siege Tank  
  62  5:59  Marauder, SCV x2  
  62  6:03  Missile Turret  
  69  6:10  Marine  
  69  6:11  SCV x2  
  72  6:19  Liberator, Stimpack  
  72  6:20  Marauder, Barracks Reactor  
  72  6:23  SCV  
  74  6:56  Marine  
  74  6:57  Marauder, Marine  
  78  7:01  Barracks  
  78  7:03  Barracks  
  78  7:05  Barracks  
  78  7:10  Command Center  
  78  7:12  Command Center  
  78  7:14  Armory x2  
  78  7:24  Supply Depot  
  78  7:26  Supply Depot  
  78  7:35  Sensor Tower  
  78  7:45  Marine x5  
  78  7:46  SCV x2  
  85  7:55  Barracks Reactor x2  
  85  7:57  Barracks Tech Lab  
  85  7:58  SCV x2  
  87  8:03  Marine x3  
  90  8:15  Liberator  
  90  8:16  Liberator  
  90  8:21  Marauder  
  98  8:35  Marine x5  
  98  8:36  Marine x4  
  98  8:38  Hellion  
  109  8:42  Marine  
  109  8:44  Orbital Command  
  110  8:52  Marine  
  110  8:53  Marine x4  
  110  8:54  Marine x4  
  119  8:59  Hellion  
  119  9:00  Marine  
  82  9:30  Marine x10  
  90  9:33  Siege Tank  
  90  9:34  Liberator x2  
  93  9:47  Marine  
  93  9:48  Marine x7  
  93  9:49  Marauder x2  
  111  10:00  Concussive Shells  
  111  10:03  Combat Shield  
  111  10:05  Marine  
  111  10:06  Marine x7  
  119  10:08  Orbital Command  
  119  10:10  Marauder, Marine  
  122  10:23  Marine x2  
  124  10:33  Orbital Command  
  124  10:54  Marine x2  
  124  10:55  Marine x4, Missile Turret  
  124  10:57  Marauder  
  124  10:58  Missile Turret  
  124  10:59  Missile Turret  
  124  11:00  Sensor Tower  
  124  11:01  Supply Depot  
  124  11:03  Supply Depot  
  101  11:05  Bunker  
  101  11:11  Marine x3  
  93  11:12  Marine x3  
  93  11:13  Marine x3  
  93  11:17  Marine  
  103  11:24  SCV x3  
  103  11:25  SCV  
  107  11:29  Marine x2  
  109  11:34  Marine x5  
  109  11:36  SCV x2  
  98  11:57  Factory  
  98  11:58  Factory  
  98  11:59  Barracks  
  98  12:05  SCV x4  
  95  12:13  Siege Tank  
  90  12:16  Marine x4  
  90  12:17  SCV x3, Marine  
  90  12:18  SCV  
  99  12:29  SCV x3  
  102  12:44  Missile Turret  
  102  12:46  Missile Turret  
  102  12:47  Refinery, Sensor Tower  
  102  12:49  Refinery  
  77  13:12  Marine x10  
Tags
 
Add a new tag
Caveats
  • Supply blocks, unpowered buildings, or Contaminate may cause inaccurate times.
  • Supply counts are checked every 10 seconds.